 Dungeon Crawl Stone Soup version 0.27-a0-1136-g0b992a5a9d (webtiles) character file.

Game seed: 17762545905888625698

18328 jestyr24 the Fencer (level 12, -1/103 HPs)
             Began as a Minotaur Monk on May 4, 2021.
             Was the Champion of Okawaru.
             Slain by an eight-headed hydra (6 damage)
             ... on level 1 of the Lair of Beasts.
             The game lasted 00:54:22 (15260 turns).

jestyr24 the Fencer (Minotaur Monk)                Turns: 15260, Time: 00:54:23

Health: -1/103     AC: 34    Str: 21    XL:     12   Next: 26%
Magic:  11/11      EV:  5    Int:  7    God:    Okawaru [******]
Gold:   769        SH:  0    Dex: 16    Spells: 11/11 levels left

rFire    + . .     SeeInvis .   q - +2 whip (vamp)
rCold    . . .     Faith    .   (no shield)
rNeg     + . .     Spirit   .   l - +8 crystal plate armour of Wunaebisch {rF+ rN+ Dex+3}
rPois    .         Reflect  .   (helmet restricted)
rElec    .         Harm     .   i - +1 cloak
rCorr    .         Rampage  .   n - +0 pair of gloves
Will     .....                  k - +0 pair of boots
Stlth    ..........             d - amulet of the acrobat
HPRegen  0.27/turn              (no ring)
MPRegen  0.12/turn              (no ring)

@: studying Hexes
A: horns 2, retaliatory headbutt
a: Renounce Religion, Heroism, Finesse


You were on level 1 of the Lair of Beasts.
You worshipped Okawaru.
Okawaru was exalted by your worship.
You visited 3 branches of the dungeon, and saw 13 of its levels.

You collected 769 gold pieces.

Inventory:

Hand Weapons
 g - a +8 great sword
 m - a +2 dire flail
 q - a +2 vampiric whip (weapon)
 r - a +1 eveningstar
 M - a +3 scimitar
Missiles
 c - 52 poisoned darts (quivered)
 o - 2 curare-tipped darts
 u - 9 atropa-tipped darts
 C - 11 javelins
 I - 5 silver javelins
Armour
 f - a +0 plate armour
 i - a +1 cloak (worn)
 k - a +0 pair of boots (worn)
 l - the +8 crystal plate armour of Wunaebisch (worn) {rF+ rN+ Dex+3}
   (Okawaru gifted it to you on level 9 of the Dungeon)

   It affects your dexterity (+3).
   It protects you from fire.
   It protects you from negative energy.
 n - a +0 pair of gloves (worn)
 t - a +0 buckler
Jewellery
 d - an amulet of the acrobat (around neck)
 s - an amulet of guardian spirit
 L - a ring of resist corrosion
Wands
 p - a wand of polymorph (13)
 w - a wand of mindburst (16)
 E - a wand of iceblast (19)
 G - a wand of digging (4)
Scrolls
 b - 2 scrolls of amnesia
 e - a scroll of teleportation
 B - 2 scrolls of holy word
 F - a scroll of enchant armour {unknown}
 J - a scroll of summoning
Potions
 h - 6 potions of curing
 j - 2 potions of resistance
 v - a potion of degeneration {unknown}
 x - 3 potions of haste
 z - 2 potions of berserk rage
 A - a potion of heal wounds
 H - a potion of mutation {unknown}
 K - a potion of might


   Skills:
 - Level 8.5 Fighting
 + Level 17.6 Long Blades
 - Level 2.8 Throwing
 - Level 10.4 Armour
 - Level 4.6 Dodging
 - Level 2.0 Stealth
 - Level 6.4 Shields


You had 11 spell levels left.
You didn't know any spells.
Your spell library contained the following spells:

 Spells                   Type           Power      Damage    Failure   Level
 Corona                   Hex            0%         N/A       100%        1
 Magic Dart               Conj           0%         1d3       100%        1
 Sandblast                Erth           0%         2d4       100%        1
 Passwall                 Tmut/Erth      0%         N/A       100%        2
 Searing Ray              Conj           0%         3d3       100%        2
 Slow                     Hex            0%         N/A       100%        2
 Dazzling Flash           Conj/Hex       0%         N/A       100%        3
 Inner Flame              Hex/Fire       0%         N/A       100%        3
 Portal Projectile        Hex/Tloc       0%         N/A       100%        3
 Stone Arrow              Conj/Erth      0%         3d7       100%        3
 Cause Fear               Hex            0%         N/A       100%        4
 Fulminant Prism          Conj/Hex       0%         3d6       100%        4
 Iskenderun's Mystic Bla  Conj/Tloc      0%         2d3       100%        4
 Leda's Liquefaction      Hex/Erth       0%         N/A       100%        4
 Petrify                  Tmut/Erth      0%         N/A       100%        4
 Lee's Rapid Deconstruct  Erth           0%         3d5*      100%        5


Dungeon Overview and Level Annotations

Branches:
Dungeon (11/15)            Temple (1/1) D:5            Lair (1/6) D:9
    Orc (0/2) D:11

Altars:
Ashenzari
Cheibriados
Dithmenos
Elyvilon
Gozag
Hepliaklqana
Kikubaaqudgha
Makhleb
Nemelex Xobeh
Okawaru
Qazlal
Ru
Sif Muna
Trog
Uskayaw
Vehumet
Wu Jian
Xom
Yredelemnul
Zin
The Shining One

Shops:
D:5 !


Innate Abilities, Weirdness & Mutations

You have a pair of horns on your head.
You reflexively headbutt those who attack you in melee.


Message History

The eight-headed hydra bites you but does no damage. x3
The eight-headed hydra bites you.
The eight-headed hydra bites you but does no damage. x4
The blink frog hits you but does no damage.
The blink frog barely misses you. You furiously retaliate!
You headbutt the blink frog! You hit the eight-headed hydra.
You feel better.
The eight-headed hydra is severely wounded.
The blink frog barely misses you. The eight-headed hydra bites you. x2
The eight-headed hydra bites you but does no damage.
The eight-headed hydra bites you!
* * * LOW HITPOINT WARNING * * *
The eight-headed hydra bites you.
* * * LOW HITPOINT WARNING * * *
The eight-headed hydra barely misses you.
The eight-headed hydra bites you but does no damage. x2
The blink frog hits you but does no damage.
The blink frog hits you!
* * * LOW HITPOINT WARNING * * *
The blink frog blinks!
The blink frog barely misses you.
The blink frog blinks!
The blink frog barely misses you.
The eight-headed hydra bites you but does no damage. x3
The eight-headed hydra bites you.
* * * LOW HITPOINT WARNING * * *
The eight-headed hydra bites you but does no damage.
The eight-headed hydra barely misses you.
The eight-headed hydra bites you.
* * * LOW HITPOINT WARNING * * *
The eight-headed hydra bites you but does no damage.
The blink frog blinks!
The blink frog hits you but does no damage. x2
The blink frog blinks!
The eight-headed hydra barely misses you.
You furiously retaliate!
You headbutt the eight-headed hydra!
The eight-headed hydra completely misses you.
The eight-headed hydra bites you.
* * * LOW HITPOINT WARNING * * *
The eight-headed hydra bites you but does no damage.
The eight-headed hydra bites you.
You die...

#....... ......
#......#.#..#+##
##.....#.........
P#...§..#.........
......§...........
..................
..................
####..).#DFF......
#...[+F@§..?...
#....#...F.....
#..............
#.....#######.#
...... . .......
..>... .....


You could see an eight-headed hydra and 4 blink frogs.

Vanquished Creatures
  Josephine (D:11)
  3 two-headed ogres (D:9)
  Urug (D:11)
  An obsidian statue (D:11)
  Pikel (D:6)
  A manticore (D:11)
  A cyclops (D:11)
  Maggie (D:6)
  2 komodo dragons
  3 trolls
  2 hornets
  Prince Ribbit (D:7)
  A shadow (D:11)
  4 wraiths
  Sigmund (D:6)
  7 wyverns
  15 yaks
  Grum (D:8)
  A basilisk (D:9)
  A steam dragon (D:9)
  8 water moccasins
  A sky beast (D:6)
  An orc warrior (D:11)
  2 ice beasts
  5 necrophages
  4 wolves (D:8)
  2 ogres
  3 centaurs
  4 lemures (D:5)
  3 phantoms
  3 kobold brigands
  2 bullfrogs
  A water moccasin zombie (D:6)
  A scorpion (D:6)
  A water moccasin skeleton (D:5)
  15 killer bees
  An electric eel (D:8)
  A howler monkey (D:6)
  12 wights
  3 bullfrog zombies
  10 centaur zombies
  A jelly (D:6)
  5 hounds
  6 orc priests
  3 bullfrog skeletons
  2 gnoll shamans
  3 centaur skeletons
  5 iguanas
  Jessica (D:3)
  Terence (D:3)
  3 orc wizards
  A killer bee zombie (D:9)
  A mummy (D:9)
  3 howler monkey zombies (D:9)
  Robin (D:3)
  12 gnolls
  4 adders (D:4)
  A shadow imp (D:6)
  4 white imps
  An ufetubus (D:4)
  2 dart slugs (D:1)
  37 orcs
  5 bats
  9 endoplasms
  5 giant cockroaches
  12 goblins
  8 hobgoblins
  10 jackals
  3 quokkas
  8 ball pythons
  2 frilled lizards
  17 kobolds
  3 rats (D:1)
311 creatures vanquished.

Vanquished Creatures (others)
  An unseen horror (D:11)
  An orc (D:7)
  A fungus (D:9)
  11 plants (D:9)
14 creatures vanquished.

Grand Total: 325 creatures vanquished

Notes
Turn   | Place    | Note
-------+----------+-------------------------------------------
     0 | D:1      | jestyr24 the Minotaur Monk began the quest for the Orb.
     0 | D:1      | Reached XP level 1. HP: 19/19 MP: 0/0
   160 | D:1      | Reached XP level 2. HP: 14/27 MP: 1/1
   315 | D:1      | Reached skill level 4 in Long Blades
   685 | D:1      | Reached XP level 3. HP: 33/33 MP: 2/2
  1904 | D:3      | Noticed Robin
  1948 | D:4      | Reached skill level 1 in Armour
  1948 | D:4      | Reached XP level 4. HP: 9/40 MP: 3/3
  2230 | D:4      | Reached skill level 5 in Long Blades
  2263 | D:4      | Reached XP level 5. HP: 40/47 MP: 4/4
  2388 | D:3      | Noticed Jessica
  2396 | D:3      | Killed Jessica
  2557 | D:3      | Killed Robin
  2789 | D:3      | Noticed Terence
  2800 | D:3      | Killed Terence
  3071 | D:4      | Reached skill level 6 in Long Blades
  3232 | D:4      | Reached XP level 6. HP: 46/53 MP: 5/5
  3534 | D:5      | Entered Level 5 of the Dungeon
  3538 | D:5      | Noticed an ice beast
  3550 | D:5      | Killed an ice beast
  3551 | D:5      | Reached skill level 1 in Shields
  4091 | D:5      | Reached XP level 7. HP: 58/60 MP: 6/6
  4224 | D:5      | Reached skill level 7 in Long Blades
  4302 | D:5      | Reached skill level 5 in Fighting
  4302 | D:5      | Reached skill level 5 in Armour
  5056 | D:5      | Reached XP level 8. HP: 55/68 MP: 7/7
  5188 | D:5      | Reached skill level 8 in Long Blades
  5404 | D:5      | Found Tufov's Distillery.
  5589 | D:5      | Found a staircase to the Ecumenical Temple.
  5598 | Temple   | Entered the Ecumenical Temple
  5693 | Temple   | Became a worshipper of Warmaster Okawaru
  5693 | Temple   | Reached * piety under Okawaru
  5693 | Temple   | Reached ** piety under Okawaru
  5834 | D:6      | Noticed Pikel
  6040 | D:6      | Killed Pikel
  6057 | D:6      | Reached skill level 9 in Long Blades
  6283 | D:6      | Reached *** piety under Okawaru
  6355 | D:6      | HP: 2/70 [sky beast (6)]
  6366 | D:6      | HP: 3/70 [something (6)]
  6730 | D:6      | Reached XP level 9. HP: 75/75 MP: 8/8
  7300 | D:6      | Noticed Maggie
  7320 | D:6      | Killed Maggie
  7321 | D:6      | Reached skill level 1 in Throwing
  7321 | D:6      | Reached skill level 5 in Shields
  7652 | D:6      | Reached skill level 10 in Long Blades
  7672 | D:6      | Reached **** piety under Okawaru
  7942 | D:6      | Noticed Sigmund
  7977 | D:6      | Killed Sigmund
  8714 | D:7      | Received a gift from Okawaru
  8776 | D:7      | Noticed Prince Ribbit
  8785 | D:7      | Reached XP level 10. HP: 72/86 MP: 9/9
  8791 | D:7      | Killed Prince Ribbit
  9150 | D:7      | Found a shimmering altar of Xom.
  9836 | D:7      | Reached skill level 10 in Armour
 10109 | D:8      | Reached skill level 11 in Long Blades
 10301 | D:8      | Paralysed by a hornet for 1 turns
 10564 | D:8      | Noticed Grum
 10597 | D:8      | Killed Grum
 10597 | D:8      | Reached ***** piety under Okawaru
 11872 | D:9      | Reached skill level 12 in Long Blades
 12098 | D:9      | Reached skill level 13 in Long Blades
 12098 | D:9      | Reached XP level 11. HP: 67/95 MP: 10/10
 12104 | D:9      | Identified the +8 crystal plate armour of Wunaebisch {rF+
                  | rN+ Dex+3} (Okawaru gifted it to you on level 9 of the
                  | Dungeon)
 12104 | D:9      | Received a gift from Okawaru
 12297 | D:9      | Paralysed by a hornet for 3 turns
 12319 | D:9      | Found a staircase to the Lair.
 12340 | D:9      | Noticed a two-headed ogre
 12347 | D:9      | Killed a two-headed ogre
 12438 | D:9      | Noticed a two-headed ogre
 12444 | D:9      | Reached skill level 14 in Long Blades
 12448 | D:9      | Killed a two-headed ogre
 12511 | D:9      | Noticed a two-headed ogre
 12514 | D:9      | Killed a two-headed ogre
 13043 | D:10     | Entered Level 10 of the Dungeon
 13067 | D:10     | Reached skill level 15 in Long Blades
 13423 | D:10     | Found a hide-covered altar of Uskayaw.
 13423 | D:10     | Found a shadowy altar of Dithmenos.
 13839 | D:11     | Noticed Urug
 13909 | D:11     | Reached skill level 16 in Long Blades
 13964 | D:11     | Killed Urug
 13964 | D:11     | Reached ****** piety under Okawaru
 14175 | D:11     | Noticed Josephine
 14180 | D:11     | Received a gift from Okawaru
 14190 | D:11     | Killed Josephine
 14191 | D:11     | Reached XP level 12. HP: 78/103 MP: 11/11
 14195 | D:11     | Received a gift from Okawaru
 14205 | D:11     | Reached skill level 17 in Long Blades
 14828 | D:11     | Found a staircase to the Orcish Mines.
 15241 | Lair:1   | Entered Level 1 of the Lair of Beasts
 15241 | Lair:1   | Noticed an eight-headed hydra
 15260 | Lair:1   | HP: 5/103 [eight-headed hydra (6)]
 15260 | Lair:1   | Slain by an eight-headed hydra

Illustrated notes

Levels and vault maps discovered:
D:1:      heliophobic_arrival_ceremonial_halls, layout_basic
D:2:      layout_loops_ring
D:3:      layout_loops_ring, uniq_robin, uniq_terence, uniq_jessica
D:4:      layout_basic, nicolae_overflow_hidden_temple, eino_tiny_chamber
D:5:      layout_loops_corners, temple_hall, serial_shops,
          nicolae_shop_window_shopping, kennysheep_flooded_box,
          grunt_ministairs_6, glass_columns_b, minmay_manual_mullet
D:6:      layout_loops_ring, grunt_ministairs_6, chequers_serial_rivers_small_b,
          uniq_sigmund, uniq_pikel, uniq_maggie
D:7:      layout_basic, old_standard_altar, uniq_prince_ribbit1
D:8:      layout_basic, minivault_4, uniq_grum
D:9:      layout_basic, minmay_lair_entry_grove, serial_undead, serial_undead_f,
          serial_undead_a, serial_undead_c, serial_undead_d, enter_bailey_2
D:10:     layout_basic, gammafunk_temple_overflow_wave
D:11:     minmay_statue_hallways, layout_small_grid, hiddenorc1_lemuel,
          uniq_urug, uniq_josephine
Temple:   eino_narrow_crystal_temple
Lair:1:   minmay_lair_venomous_thicket, layout_chaotic_city

Skill      XL: |  1  2  3  4  5  6  7  8  9 10 11 12 |
---------------+-------------------------------------+-----
Long Blades    | 4 5 6 7 9 10 13 16 17 | 17.6
Fighting       | 4 5 6 7 8 |  8.5
Dodging        | 4 |  4.6
Armour         | 1 2 3 6 8 9 10 | 10.4
Stealth        | 2 |  2.0
Shields        | 1 3 4 6 |  6.4
Throwing       | 1 2 |  2.8

Action                   |  1- 3 |  4- 6 |  7- 9 | 10-12 || total
-------------------------+-------+-------+-------+-------++-------
Melee: Falchion          |   110 |   148 |   507 |   149 ||   914
       Headbutt          |    13 |    36 |   117 |   115 ||   281
       Great sword       |       |       |       |   289 ||   289
       Long sword        |       |       |       |    45 ||    45
       Whip              |       |       |       |     8 ||     8
       Eveningstar       |       |       |       |     2 ||     2
Throw: Dart              |     6 |       |    26 |    12 ||    44
Evoke: Wand              |       |       |       |     1 ||     1
  Use: Scroll            |     4 |     7 |     1 |     8 ||    20
       Potion            |     1 |     1 |     9 |       ||    11
 Stab: Invisible         |       |       |       |     2 ||     2
Armor: Robe              |    10 |       |       |       ||    10
       Plate armour      |    70 |    98 |   308 |   170 ||   646
       Crystal plate arm |       |       |       |   304 ||   304
Dodge: Dodged            |    69 |    46 |   177 |   229 ||   521
Block: Buckler           |       |    14 |    89 |    39 ||   142
       Rpst.: Falchion   |    14 |    17 |    57 |    24 ||   112
       Great sword       |       |       |       |    37 ||    37
       Long sword        |       |       |       |     3 ||     3

Table legend: (Time is in decaauts)
 A = Elapsed time spent in this place.
 B = Non-inter-level travel time spent in this place.
 C = Inter-level travel time spent in this place.
 D = Time resting spent in this place.
 E = Time spent auto-exploring this place.
 F = Levels seen in this place.
 G = Mean time per level.
                   A        B        C        D        E       F      G
               +--------+--------+--------+--------+--------+-----+--------+
         Total |  15229 |  14831 |    398 |   3504 |   8207 |  13 | 1171.5 |
       Dungeon |  15012 |  14627 |    385 |   3504 |   8033 |  11 | 1364.7 |
        Temple |    197 |    184 |     13 |      0 |    174 |   1 |  197.0 |
          Lair |     19 |     19 |      0 |      0 |      0 |   1 |   19.0 |
               +--------+--------+--------+--------+--------+-----+--------+

Top non-repeatable levels by time:
     D:5: 2497 daAuts
     D:6: 2103 daAuts
     D:7: 1747 daAuts
     D:8: 1599 daAuts
     D:9: 1343 daAuts
    D:11: 1303 daAuts
     D:1: 1193 daAuts
     D:4: 895 daAuts
    D:10: 866 daAuts
     D:3: 791 daAuts
     D:2: 670 daAuts
  Temple: 197 daAuts
  Lair:1: 19 daAuts
